 Dungeon Sprint DCSS version 0.21-a0-227-g58a7c62 (webtiles) character file.

19864 minicreteconcrete the Severer (level 12, -1/121 HPs)
             Began as a Hill Orc Fighter on Aug 30, 2017.
             Was a Priest of Uskayaw.
             Killed from afar by a lich (50 damage)
             ... with a crystal spear
             ... in the Dungeon (Sprint V: "Ziggurat Sprint").
             The game lasted 00:06:28 (236 turns).

minicreteconcrete the Severer (Hill Orc Fighter)     Turns: 236, Time: 00:06:29

Health: -1/121     AC: 33    Str: 22    XL:     12   Next: 73%
Magic:  17/24      EV:  4    Int:  8    God:    Uskayaw [***...]
Gold:   0          SH: 32    Dex: 12    Spells: 14/14 levels left

rFire    + . .     SeeInvis +   N - +14 obsidian axe {chop, +Fly SInv *Curse} (curse)
rCold    . . .     Gourm    .   P - +18 shield of the Gong {rElec rN+ MR+ EV-5}
rNeg     + . .     Faith    .   O - +15 Maxwell's patent armour {-Cast -Tele rElec MR+ rCorr}
rPois    .         Spirit   .   (no helmet)
rElec    +         Reflect  .   (no cloak)
rCorr    +         Harm     .   (no gloves)
MR       ++...     NoTele   +   (no boots) Stlth ..........NoCast +
                                T - amulet of rage
HPRegen  0.30/turn              S - ring of protection from fire
MPRegen  0.19/turn              Q - ring of Robustness {AC+8}

@: corroded, mesmerised, hasted, studying 2 skills, very quick
A: no striking features
a: Stomp, Line Pass, Renounce Religion, Evoke Berserk Rage, Evoke Flight


You were in the Dungeon.
You worshipped Uskayaw.
Uskayaw was most pleased with you.
You were not hungry.

You visited 1 branch

Inventory:

Hand Weapons
 m - a +5 broad axe
 N - the cursed +14 obsidian axe (weapon) {chop, +Fly SInv *Curse}
   (You found it in the Dungeon)

   It inflicts extra damage upon your enemies.
   It lets you see invisible.
   It lets you fly.
   It curses itself when equipped.
   It has a curse placed upon it.
Armour
 b - a +0 scale mail
 c - a +0 shield
 l - +5 gold dragon scales
 O - the +15 Maxwell's patent armour (worn) {-Cast -Tele rElec MR+ rCorr}
   (You found it in the Dungeon)

   It insulates you from electricity.
   It affects your resistance to hostile enchantments.
   It prevents spellcasting.
   It prevents most forms of teleportation.
   It protects you from acid and corrosion.
 P - the +18 shield of the Gong (worn) {rElec rN+ MR+ EV-5}
   (You found it in the Dungeon)

   It affects your evasion (-5).
   It insulates you from electricity.
   It protects you from negative energy.
   It affects your resistance to hostile enchantments.
 W - the scarf of Inference {Dex+3}
   (You found it in the Dungeon)

   It affects your dexterity (+3).
Jewellery
 a - an uncursed ring of wizardry
 F - a +6 ring of dexterity
 G - a +6 ring of dexterity
 H - a +6 ring of intelligence
 I - a +6 ring of intelligence
 J - a +6 ring of strength
 K - a +6 ring of strength
 L - an uncursed ring of flight
 Q - the ring of Robustness (right hand) {AC+8}
   (You found it in the Dungeon)

   [ring of protection]

   It affects your AC (+8).
 S - a ring of protection from fire (left hand)
 T - an amulet of rage (around neck)
Wands
 y - a wand of disintegration (7/24)
 A - a wand of iceblast (5/15)
 C - a wand of lightning (5/15)
 D - a wand of acid (5/15)
Scrolls
 k - 4 scrolls of blinking
 p - 4 scrolls of amnesia
 q - 3 scrolls of recharging
 r - 6 scrolls of fog
 s - a scroll of holy word
 t - 5 scrolls of identify
 u - 5 scrolls of remove curse
 v - 2 scrolls of fear
Potions
 d - 6 potions of might
 e - 10 potions of curing
 g - 12 potions of heal wounds
 h - 4 potions of haste
 i - 7 potions of magic
 j - 3 potions of berserk rage
 w - 2 potions of brilliance
 x - 2 potions of invisibility
 z - 4 potions of resistance
 B - 5 potions of agility
Books
 V - a Necronomicon

   Spells                             Type                      Level
   a - Haunt                          Necromancy/Summoning         7
   b - Borgnjor's Revivification      Necromancy                   8
   c - Death's Door                   Charms/Necromancy            8
   d - Infestation                    Necromancy                   8
   e - Necromutation                  Transmutation/Necromancy     8
 X - a manual of
Armour
 Z - a manual of Fighting
Miscellaneous
 E - a crystal ball of energy
 M - a lightning rod (4/4)
 R - a box of beasts
 U - a phial of floods
 Y - a lamp of fire
Comestibles
 f - 5 bread rations
 n - 42 fruits
 o - 4 meat rations


   Skills:
 + Level 15.5 Fighting
 - Level 19.1 Axes
 + Level 10.7 Armour
 * Level 5.4 Dodging
 + Level 10.1 Stealth
 * Level 16.0 Shields
 + Level 1.7 Spellcasting
 * Level 16.5 Invocations


You had 14 spell levels left.
You didn't know any spells.

Dungeon Overview and Level Annotations

Branches:
Dungeon (1/1)

Altars:
Ashenzari
Cheibriados
Dithmenos
Elyvilon
Fedhas
Gozag
Hepliaklqana
Kikubaaqudgha
Makhleb
Nemelex Xobeh
Okawaru
Qazlal
Ru
Sif Muna
Trog
Uskayaw
Vehumet
Wu Jian
Xom
Yredelemnul
Zin
The Shining One
Beogh
Jiyva
Lugonu


Message History

Your ynoxinul hits the ancient lich but does no damage.
The necromancer hits your orange demon but does no damage.
Your orange demon stings the necromancer.
Your orange demon hits the necromancer.
The necromancer looks weaker.
You see here a scimitar.
Unknown command.
The helpless necromancer fails to defend itself.
You chop the necromancer into pieces!!!!
You kill the necromancer!
A freezing mist starts to gather...
The helpless necromancer fails to defend itself.
You chop the necromancer into pieces!!!
You are no longer entranced.
You kill the necromancer!
Your Shields skill increases to level 16!
A necromancer simulacrum comes into view.
Visions of slaying the necromancer simulacrum flood into your mind.
The lich points at you and mumbles some strange words.
The crystal spear hits you!
You die...

▓...8©8...▓
▓..}:[):..▓..):[.)..▓
▓..!Z[[|..▓...[)}[..▓
▓...p.....▓..)......▓
▓...).....▓.........▓
▓.........▓....))...▓
▓.Z.§Lp...▓....†....▓
▓..§§4L...▓.▓.....▓.▓
▓.▓§@§3.▓.▓....©....▓
▓.Z§§3§...▓▓▓▓▓▓▓▓▓▓▓
▓▓▓▓▓▓▓▓▓▓▓


You could see an ancient lich, a lich, a necromancer, 2 necromancer simulacra, a
friendly soul eater, a friendly orange demon and a friendly ynoxinul.

Vanquished Creatures
  2 pandemonium lords (D)
  A yaktaur captain (D)
  2 hell hogs (D)
  A skeletal warrior (D)
  3 necromancers (D)
  A deep elf mage (D)
  2 cyclopes (D)
  A rust devil (D)
  A yaktaur (D)
  3 efreet (D)
  2 hornets (D)
  A wind drake (D)
  A slime creature (D)
  2 air elementals (D)
  4 spriggans (D)
  A golden eye (D)
  2 fire elementals (D)
  4 insubstantial wisps (D)
  A hell hound (D)
  3 black bears (D)
  A wolf (D)
  2 earth elementals (D)
  2 scorpions (D)
  A jelly (D)
  3 iron imps (D)
  3 adders (D)
  2 white imps (D)
  An ufetubus (D)
  An adder zombie (D)
54 creatures vanquished.

Vanquished Creatures (collateral kills)
  A yaktaur (D)
  A centaur (D)
  An ufetubus (D)
  An ooze (D)
  2 ball pythons (D)
  A fire vortex (D)
7 creatures vanquished.

Vanquished Creatures (others)
  A wight (D)
1 creature vanquished.

Grand Total: 62 creatures vanquished

Notes
Turn   | Place    | Note
-------+----------+-------------------------------------------
     0 | D        | Found the +6 Majin-Bo {vamp, Archmagi MP+6 Int+6}
     0 | D        | Found the +7 great mace "Firestarter" {inner flame, rF++}
     0 | D        | minicreteconcrete the Hill Orc Fighter began the quest for the Orb.
     0 | D        | Reached XP level 1. HP: 19/19 MP: 1/1
     3 | D        | Found a blossoming altar of Fedhas.
     4 | D        | Found a viscous altar of Jiyva.
     4 | D        | Found a hazy altar of Hepliaklqana.
     4 | D        | Found a transporter.
     4 | D        | Found an opulent altar of Gozag.
     4 | D        | Found an ancient bone altar of Kikubaaqudgha.
     4 | D        | Found a corrupted altar of Lugonu.
     8 | D        | Found a burning altar of Makhleb.
     9 | D        | Found a sacrificial altar of Ru.
     9 | D        | Found a stormy altar of Qazlal.
     9 | D        | Found a deep blue altar of Sif Muna.
     9 | D        | Found an iron altar of Okawaru.
     9 | D        | Found a bloodstained altar of Trog.
     9 | D        | Found a sparkling altar of Nemelex Xobeh.
    17 | D        | Reached skill level 4 in Axes
    17 | D        | Reached skill level 1 in Spellcasting
    17 | D        | Reached XP level 2. HP: 28/28 MP: 1/4
    22 | D        | Became a worshipper of Uskayaw the Reveler
    40 | D        | Found the +9 heavy crossbow "Sniper" {velocity, Acc+∞ SInv}
    40 | D        | Found the +10 dark maul {crush}
    40 | D        | Found the +15 Maxwell's patent armour {-Cast -Tele rElec MR+ rCorr}
    40 | D        | Found the +18 shield of the Gong {rElec rN+ MR+ EV-5}
    40 | D        | Found the cursed +14 obsidian axe {chop, +Fly SInv *Curse}
    63 | D        | Found the +6 shillelagh "Devastator" {shatter}
    63 | D        | Found the +11 plutonium sword {*Contam Stlth-}
    63 | D        | Found the +8 lance "Wyrmbane" {slay drac, rPois rF+ rC+ AC+3}
    63 | D        | Found the +9 sword of Zonguldrok {reap}
    63 | D        | Found the cursed +13 scythe of Curses {drain, *Curse}
    63 | D        | Found the +0 sword of Power
    63 | D        | Found the +15 mace of Variability {chaos}
    63 | D        | Found the +7 Singing Sword
    63 | D        | Found the +7 longbow "Piercer" {penet, EV-2}
    68 | D        | Entered arena 2.
    68 | D        | Noticed a scorpion
    68 | D        | Noticed a scorpion
    68 | D        | Found a transporter.
    69 | D        | Found the ring of Robustness {AC+8}
    70 | D        | Killed a scorpion
    70 | D        | Reached skill level 5 in Axes
    70 | D        | Reached skill level 5 in Armour
    70 | D        | Reached skill level 5 in Shields
    70 | D        | Reached XP level 3. HP: 37/37 MP: 5/5
    70 | D        | Reached * piety under Uskayaw
    73 | D        | Killed a scorpion
    73 | D        | Reached XP level 4. HP: 45/45 MP: 6/6
    73 | D        | Reached ** piety under Uskayaw
    80 | D        | Entered arena 3.
    80 | D        | Noticed an earth elemental
    80 | D        | Noticed an earth elemental
    80 | D        | Noticed a deep elf mage
    80 | D        | Found a transporter.
    84 | D        | Killed a deep elf mage
    84 | D        | Reached skill level 8 in Axes
    84 | D        | Reached XP level 5. HP: 43/58 MP: 7/7
    84 | D        | Reached XP level 6. HP: 49/66 MP: 8/8
    84 | D        | Reached XP level 7. HP: 53/71 MP: 9/9
    86 | D        | Reached *** piety under Uskayaw
    87 | D        | Reached skill level 10 in Fighting
    87 | D        | Reached skill level 1 in Invocations
    95 | D        | Entered arena 4.
    95 | D        | Noticed a golden eye
    95 | D        | Noticed a slime creature
    95 | D        | Found a transporter.
   100 | D        | Killed a golden eye
   100 | D        | Reached skill level 9 in Axes
   101 | D        | Killed a slime creature
   101 | D        | Reached XP level 8. HP: 64/81 MP: 9/11
   108 | D        | Entered arena 5.
   108 | D        | Found a transporter.
   112 | D        | Reached skill level 5 in Invocations
   118 | D        | Entered arena 6.
   118 | D        | Found a transporter.
   129 | D        | Entered arena 7.
   129 | D        | Noticed a cyclops
   129 | D        | Noticed a yaktaur
   129 | D        | Noticed a cyclops
   129 | D        | Noticed a yaktaur captain
   129 | D        | Noticed a yaktaur
   130 | D        | Found a transporter.
   133 | D        | Killed a yaktaur
   133 | D        | Reached skill level 10 in Axes
   133 | D        | Reached skill level 10 in Shields
   135 | D        | Killed a cyclops
   135 | D        | Reached skill level 10 in Armour
   135 | D        | Reached **** piety under Uskayaw
   136 | D        | Killed a yaktaur
   136 | D        | Reached skill level 11 in Axes
   136 | D        | Reached XP level 9. HP: 48/89 MP: 12/14
   136 | D        | Killed a yaktaur captain
   136 | D        | Reached skill level 12 in Axes
   136 | D        | Reached ***** piety under Uskayaw
   137 | D        | Killed a cyclops
   137 | D        | Reached skill level 13 in Axes
   146 | D        | Entered arena 8.
   146 | D        | Noticed Gulesac the pandemonium lord
   146 | D        | Noticed a rust devil
   146 | D        | Noticed Ypnorch the pandemonium lord
   147 | D        | Found a transporter.
   154 | D        | Killed a rust devil
   154 | D        | Reached skill level 10 in Invocations
   157 | D        | Killed Ypnorch the pandemonium lord
   157 | D        | Reached skill level 16 in Axes
   157 | D        | Reached XP level 10. HP: 58/101 MP: 14/19
   159 | D        | Killed Gulesac the pandemonium lord
   159 | D        | Reached skill level 19 in Axes
   159 | D        | Reached XP level 11. HP: 64/110 MP: 15/21
   167 | D        | Entered arena 9.
   168 | D        | Found a transporter.
   171 | D        | Reached XP level 12. HP: 70/118 MP: 16/23
   179 | D        | Got the scarf of Inference {Dex+3}
   181 | D        | Entered arena 10.
   181 | D        | Noticed a spriggan rider
   181 | D        | Noticed a spriggan rider
   182 | D        | Found a transporter.
   188 | D        | Killed a spriggan rider
   188 | D        | Reached skill level 15 in Invocations
   188 | D        | Reached ****** piety under Uskayaw
   189 | D        | Reached skill level 15 in Shields
   190 | D        | Killed a spriggan rider
   201 | D        | Entered arena 11.
   201 | D        | Noticed a hell hog
   201 | D        | Noticed a hell hog
   204 | D        | Found a transporter.
   207 | D        | Killed a hell hog
   207 | D        | Killed a hell hog
   207 | D        | Reached skill level 15 in Fighting
   222 | D        | Entered arena 12.
   222 | D        | Noticed a lich
   223 | D        | Noticed an ancient lich
   234 | D        | Reached skill level 5 in Dodging
   234 | D        | Reached skill level 10 in Stealth
   236 | D        | Killed from afar by a lich

Vault maps used:
D:        sprint_v

Skill      XL: |  1  2  3  4  5  6  7  8  9 10 11 12 |
---------------+-------------------------------------+-----
Fighting       | 4 6 9 10 11 13 14 15 | 15.5
Axes           | 4 5 8 9 11 16 19 | 19.1
Armour         | 4 5 6 8 9 10 | 10.7
Dodging        | 2 5 |  5.4
Stealth        | 2 3 6 8 10 | 10.1
Shields        | 4 5 6 8 9 10 12 14 16 | 16.0
Spellcasting   | 1 |  1.7
Invocations    | 4 7 12 14 16 | 16.5

Action                   |  1- 3 |  4- 6 |  7- 9 | 10-12 || total
-------------------------+-------+-------+-------+-------++-------
Melee: Broad axe         |     2 |     2 |    24 |    24 ||    52
Invok: Grand Finale      |       |       |       |     1 ||     1
  Use: Potion            |     1 |       |     2 |     3 ||     6
       Scroll            |       |       |       |     1 ||     1
 Stab: Paralysed         |       |       |     6 |     7 ||    13
Armor: Plate armour      |       |     1 |     6 |     4 ||    11
Dodge: Dodged            |       |       |     1 |     3 ||     4
Block: Shield            |     3 |     2 |    36 |    18 ||    59

Table legend:
 A = Spawn XP
 B = Non-spawn XP
 C = Spawn XP percentage of total XP
 D = Spawn monster count
 E = Non-spawn monster count
 F = Spawn count percentage of total count
 G = Total turns spent on level
                    A         B        C        D         E        F      G
               +---------+---------+-------+---------+---------+-------+---------
         Total |       0 |   28368 |   0.0 |       0 |      60 |   0.0 |   236
               +---------+---------+-------+---------+---------+-------+---------
             D |       0 |   28368 |   0.0 |       0 |      60 |   0.0 |   236
               +---------+---------+-------+---------+---------+-------+---------
